 Dungeon Crawl Stone Soup version 0.27.1-3-gb3d3a73c9e (webtiles) character file.

Game seed: 12198968569453114104

63 horus123 the Sneak (level 4, -7/26 HPs)
             Began as a Kobold Brigand on Oct 26, 2021.
             Was an Initiate of Makhleb.
             Splashed by a jelly's acid (9 damage)
             ... on level 6 of the Dungeon.
             The game lasted 00:06:50 (2357 turns).

horus123 the Sneak (Kobold Brigand)                 Turns: 2357, Time: 00:06:51

Health: -7/26      AC: -4    Str:  8    XL:     4   Next: 30%
Magic:  4/4        EV: 14    Int: 12    God:    Makhleb [......]
Gold:   48         SH:  0    Dex: 17    Spells: 2/3 levels left

rFire    . . .     SeeInvis .   j - +3 dagger
rCold    . . .     Faith    .   (shield restricted)
rNeg     . . .     Spirit   .   b - +0 robe
rPois    .         Reflect  .   f - +0 helmet
rElec    .         Harm     .   c - +0 cloak
rCorr    .         Rampage  .   (no gloves)
Will     .....                  (no boots)
Stlth    +++++.....             (no amulet)
HPRegen  0.08/turn              (no ring)
MPRegen  0.09/turn              (no ring)

@: corroded
A: small, no large weapons, nightstalker 3
a: Renounce Religion


You were on level 6 of the Dungeon.
You worshipped Makhleb.
Makhleb was noncommittal.
You visited 1 branch of the dungeon, and saw 4 of its levels.

You collected 48 gold pieces.

Inventory:

Hand Weapons
 a - a +2 dagger
 j - a +3 dagger (weapon)
 m - a +0 rapier
Missiles
 d - 16 poisoned darts (quivered)
 e - 2 curare-tipped darts
Armour
 b - a +0 robe (worn)
 c - a +0 cloak (worn)
 f - a +0 helmet (worn)
Scrolls
 g - a scroll of blinking {unknown}
 h - 2 scrolls of magic mapping
 k - a scroll of enchant armour {unknown}
 l - a scroll of amnesia {unknown}
Potions
 i - a potion of ambrosia


   Skills:
 + Level 2.2 Fighting
 - Level 3.2 Short Blades
 - Level 2.4 Throwing
 + Level 1.6 Dodging
 * Level 7.0 Stealth


You had 2 spell levels left.
You knew the following spells:

 Your Spells              Type           Power      Damage    Failure   Level
a - Freeze                Ice            0%         1d3       32%         1

Your spell library contained the following spells:

 Spells                   Type           Power      Damage    Failure   Level
 Frozen Ramparts          Ice            0%         1d2       69%         3
 Hailstorm                Conj/Ice       0%         3d3       97%         4


Dungeon Overview and Level Annotations

Branches:
Dungeon (3/15)

Altars:
Makhleb

Shops:
D:6 *


Innate Abilities, Weirdness & Mutations

You are small and have problems with some larger weapons.
You are completely attuned to the shadows.


Message History

a poisoned dart; a +0 falchion You throw a poisoned dart.
The poisoned dart closely misses the orc.
You hit the orc.
The orc is heavily wounded.
The orc barely misses you.
You hit the orc.
You kill the orc!
Makhleb accepts your kill.
Your Stealth skill increases to level 7!
You see here a +0 club.
d - 14 poisoned darts (gained 1)
You see here a +0 falchion.
You see here a +0 club.
d - 16 poisoned darts (gained 2)
d - 17 poisoned darts (gained 1)
A jelly comes into view.
The jelly quivers.
You throw a poisoned dart. The poisoned dart hits the jelly.
The jelly misses you.
You hit the jelly.
Your hands burn!
The jelly is moderately wounded.
The jelly hits you but does no damage.
You hit the jelly. The acid corrodes you!
Your hands burn!
The jelly is moderately wounded.
You hit the jelly but do no damage.
Your hands burn!
The jelly is moderately wounded.
The jelly hits you.
You are splashed with acid!
You are too injured to fight recklessly!
You are too injured to fight recklessly!
You are too injured to fight recklessly!
You are too injured to fight recklessly!
You are too injured to fight recklessly!
You hit the jelly. The acid corrodes you!
Your hands burn!
* * * LOW HITPOINT WARNING * * *
The jelly is heavily wounded.
The jelly hits you.
* * * LOW HITPOINT WARNING * * *
You are splashed with acid!
You die...

##.# #.# #.# #.#
#.# .. #.# ...
#)# ####... #)#
###...... #)#
#...@J... #.#
#.#......
#.#######.####...
#.........# ...
########### ..


You could see a jelly.

Vanquished Creatures
  An adder (D:6)
  A dart slug (D:1)
  3 orcs (D:6)
  3 endoplasms (D:2)
  A giant cockroach (D:1)
  4 goblins
  4 hobgoblins
  7 jackals (D:2)
  2 quokkas
  3 ball pythons (D:1)
  3 bats
  A frilled lizard (D:2)
  5 kobolds
  5 rats
43 creatures vanquished.

Notes
Turn   | Place    | Note
-------+----------+-------------------------------------------
     0 | D:1      | horus123 the Kobold Brigand began the quest for the Orb.
     0 | D:1      | Reached XP level 1. HP: 12/12 MP: 1/1
   571 | D:1      | Reached XP level 2. HP: 17/17 MP: 2/2
   960 | D:1      | Reached skill level 6 in Stealth
  1228 | D:2      | Reached XP level 3. HP: 19/21 MP: 3/3
  1253 | D:2      | You fall into a shaft and drop 1 floor!
  1269 | D:3      | Found a burning altar of Makhleb.
  1275 | D:3      | Became a worshipper of Makhleb the Destroyer
  1789 | D:2      | Learned a level 1 spell: Freeze
  1800 | D:2      | Found a faded altar of an unknown god.
  2242 | D:3      | You fall into a shaft and drop 3 floors!
  2244 | D:6      | Reached XP level 4. HP: 26/26 MP: 4/4
  2272 | D:6      | Found Meresch Vojye's General Store.
  2330 | D:6      | Reached skill level 7 in Stealth
  2357 | D:6      | Splashed by a jelly's acid

Illustrated notes

Levels and vault maps discovered:
D:1:      tarquinn_simple_flora_water_a, layout_basic
D:2:      layout_rooms, hellmonk_ecumenical_altar_leap_of_faith
D:3:      layout_basic, bloody_makhleb, mainiacjoe_overflow_24_doors,
          serial_shops, shop
D:6:      layout_loops_ring, serial_shops, shop, nicolae_square_shop,
          kennysheep_mini_moat, shop

Skill      XL: |  1  2  3  4 |
---------------+-------------+-----
Short Blades   | 3 |  3.2
Stealth        | 6 7 |  7.0
Fighting       | |  2.2
Throwing       | |  2.4
Dodging        | |  1.6

Action                   |  1- 3 |  4- 6 || total
-------------------------+-------+-------++-------
Melee: Dagger            |   111 |    11 ||   122
Throw: Dart              |     6 |     5 ||    11
  Use: Scroll            |     2 |       ||     2
 Stab: Sleeping          |    17 |       ||    17
Armor: Robe              |    23 |     1 ||    24
Dodge: Dodged            |    64 |     3 ||    67
